[Event "ESTCC 50 2019"]
[Site "Mali Losinj"]
[Date "2019.09.18"]
[Round "1.1"]
[White "Burmakin, Vladimir"]
[Black "Druckenthaner, Andreas"]
[Result "1-0"]
[ECO "A41"]
[WhiteElo "2496"]
[BlackElo "2283"]
[Annotator "ChessBase"]
[PlyCount "117"]
[EventDate "2019.09.18"]
[EventType "team-tourn"]
[EventCountry "CRO"]
[SourceTitle "playchess.com"]
[Source "ChessBase"]
[SourceQuality "1"]
[WhiteTeam "Russia"]
[BlackTeam "Austria"]
[WhiteTeamCountry "RUS"]
[BlackTeamCountry "AUT"]
[TimeControl "40/5400+30:1800+30"]

1. Nf3 g6 2. d4 Bg7 3. g3 d6 4. Bg2 Nc6 5. d5 Ne5 6. O-O Nxf3+ 7. exf3 Nf6 8. f4 O-O 9. Be3 Bd7 10. c4 c5 11. dxc6 Bxc6 12. Nc3 Bxg2 13. Kxg2 Qd7 14. b3 a6 15. a4 Rac8 16. Rc1 Rfe8 17. Qf3 Qc6 18. Rfd1 Ng4 19. Nd5 Nxe3+ 20. Nxe3 Kf8 21. Rc2 e6 22. Rcd2 Red8 23. g4 Ke7 24. Re2 Kf8 25. f5 Be5 26. h4 Kg7 27. Rd3 h6 28. Qxc6 bxc6 29. fxe6 fxe6 30. Nf1 c5 31. Nd2 Kf7 32. Rf3+ Ke7 33. Rfe3 Rc6 34. f4 Bxf4 35. Rxe6+ Kf7 36. Re7+ Kf8 37. Rh7 Kg8 38. Rb7 Be5 39. Nf3 Re8 40. a5 Rcc8 41. Nxe5 h5 42. Rd2 Rxe5 43. Rxd6 Rf8 44. Rxg6+ Kh8 45. gxh5 Rxh5 46. Kh3 Rf3+ 47. Rg3 Rf4 48. Rg4 Rf3+ 49. Kg2 Rhf5 50. Re4 Rf8 51. Re5 Rf2+ 52. Kg3 Rf1 53. Rxc5 Rg1+ 54. Kh2 Rgf1 55. Kh3 Rh1+ 56. Kg4 Rg1+ 57. Kh5 Rh1 58. b4 Rg8 59. Rcc7 1-0

[Event "ESTCC 50 2019"]
[Site "Mali Losinj"]
[Date "2019.09.18"]
[Round "1.2"]
[White "Opl, Klaus"]
[Black "Shcherbakov, Ruslan"]
[Result "0-1"]
[ECO "B97"]
[WhiteElo "2207"]
[BlackElo "2516"]
[Annotator "ChessBase"]
[PlyCount "114"]
[EventDate "2019.09.18"]
[EventType "team-tourn"]
[EventCountry "CRO"]
[SourceTitle "playchess.com"]
[Source "ChessBase"]
[SourceQuality "1"]
[WhiteTeam "Austria"]
[BlackTeam "Russia"]
[WhiteTeamCountry "AUT"]
[BlackTeamCountry "RUS"]
[TimeControl "40/5400+30:1800+30"]

1. e4 c5 2. Nf3 d6 3. d4 cxd4 4. Nxd4 Nf6 5. Nc3 a6 6. Bg5 e6 7. f4 Qb6 8. Qd2 Nc6 9. O-O-O Qxd4 10. Qxd4 Nxd4 11. Rxd4 Nd7 12. Be2 Rb8 13. a4 b6 14. Bh4 Bb7 15. f5 Ne5 16. Rhd1 Bc8 17. Bg3 Be7 18. Rxd6 Bxd6 19. Rxd6 f6 20. fxe6 Ke7 21. Bxe5 fxe5 22. Rc6 Bxe6 23. Bxa6 Rhd8 24. b3 Rd6 25. Rc7+ Rd7 26. Rc6 Rd6 27. Rc7+ Rd7 28. Rc6 Rd4 29. Bd3 Rd6 30. Rc7+ Rd7 31. Rxd7+ Kxd7 32. Kd2 Kd6 33. b4 Rc8 34. Ba6 Rd8 35. Ke3 Kc6 36. Ne2 Rd1 37. Bb5+ Kc7 38. Bd3 Rb1 39. c3 Ra1 40. Bb5 Bb3 41. Kd2 Bxa4 42. Bc4 Rh1 43. Ke3 Rxh2 44. Kf2 Bc6 45. Ng3 Rh4 46. Kf3 h5 47. Bd3 Rf4+ 48. Ke3 g6 49. Ne2 Rf1 50. c4 Kd6 51. Nc3 Rg1 52. b5 Bb7 53. Kf2 Rc1 54. Na4 Kc7 55. Ke3 h4 56. Nb2 Rg1 57. Kf2 Ra1 0-1

[Event "ESTCC 50 2019"]
[Site "Mali Losinj"]
[Date "2019.09.18"]
[Round "1.3"]
[White "Yakovich, Yuri"]
[Black "Watzka, Horst"]
[Result "1-0"]
[ECO "E14"]
[WhiteElo "2518"]
[BlackElo "2187"]
[Annotator "ChessBase"]
[PlyCount "71"]
[EventDate "2019.09.18"]
[EventType "team-tourn"]
[EventCountry "CRO"]
[SourceTitle "playchess.com"]
[Source "ChessBase"]
[SourceQuality "1"]
[WhiteTeam "Russia"]
[BlackTeam "Austria"]
[WhiteTeamCountry "RUS"]
[BlackTeamCountry "AUT"]
[TimeControl "40/5400+30:1800+30"]

1. d4 Nf6 2. c4 e6 3. Nf3 Bb4+ 4. Nbd2 b6 5. a3 Bxd2+ 6. Qxd2 Bb7 7. e3 O-O 8. Be2 d6 9. O-O Nbd7 10. b4 Qe7 11. Bb2 Ne4 12. Qc2 f5 13. Rad1 Rae8 14. d5 e5 15. Nd2 Nxd2 16. Qxd2 Bc8 17. Rde1 Nf6 18. f3 Qf7 19. Bd3 Nh5 20. f4 exf4 21. exf4 Rxe1 22. Rxe1 Nf6 23. h3 Bd7 24. Bd4 Re8 25. Rxe8+ Nxe8 26. Qc2 Kf8 27. Kh2 h6 28. Kg1 a6 29. a4 Bc8 30. a5 bxa5 31. bxa5 Qd7 32. c5 dxc5 33. Bxc5+ Kg8 34. Qe2 Nf6 35. Qe6+ Qxe6 36. dxe6 1-0

[Event "ESTCC 50 2019"]
[Site "Mali Losinj"]
[Date "2019.09.18"]
[Round "1.4"]
[White "Ernst, Michael"]
[Black "Ibragimov, Ildar"]
[Result "0-1"]
[ECO "D40"]
[WhiteElo "2199"]
[BlackElo "2537"]
[Annotator "ChessBase"]
[PlyCount "66"]
[EventDate "2019.09.18"]
[EventType "team-tourn"]
[EventCountry "CRO"]
[SourceTitle "playchess.com"]
[Source "ChessBase"]
[SourceQuality "1"]
[WhiteTeam "Austria"]
[BlackTeam "Russia"]
[WhiteTeamCountry "AUT"]
[BlackTeamCountry "RUS"]
[TimeControl "40/5400+30:1800+30"]

1. d4 c5 2. e3 e6 3. Nf3 Nf6 4. c4 a6 5. Nc3 d5 6. cxd5 exd5 7. dxc5 Bxc5 8. Be2 O-O 9. O-O Nc6 10. a3 Ba7 11. b4 Bg4 12. Bb2 Qd6 13. Nd4 Bb8 14. g3 Bh3 15. Re1 Ne5 16. Nf3 Nc4 17. Qb3 Nxb2 18. Qxb2 Ba7 19. Red1 Rad8 20. Nd4 h5 21. Bf3 Qe5 22. Rac1 h4 23. Bg2 Bg4 24. Rd2 hxg3 25. hxg3 Rd6 26. Nf3 Bxf3 27. Bxf3 Bxe3 28. fxe3 Qxg3+ 29. Bg2 Ng4 30. Nxd5 Rxd5 31. Rxd5 Qh2+ 32. Kf1 Nxe3+ 33. Ke1 Qg1+ 0-1

[Event "ESTCC 50 2019"]
[Site "Mali Losinj"]
[Date "2019.09.18"]
[Round "1.5"]
[White "Krebs, Johann"]
[Black "Kozul, Zdenko"]
[Result "0-1"]
[ECO "E95"]
[WhiteElo "2226"]
[BlackElo "2569"]
[Annotator "ChessBase"]
[PlyCount "66"]
[EventDate "2019.09.18"]
[EventType "team-tourn"]
[EventCountry "CRO"]
[SourceTitle "playchess.com"]
[Source "ChessBase"]
[SourceQuality "1"]
[WhiteTeam "Austria"]
[BlackTeam "Croatia"]
[WhiteTeamCountry "AUT"]
[BlackTeamCountry "CRO"]
[TimeControl "40/5400+30:1800+30"]

1. d4 Nf6 2. c4 g6 3. Nc3 Bg7 4. e4 d6 5. Nf3 O-O 6. Be2 Nbd7 7. O-O e5 8. Re1 h6 9. Bf1 Nh7 10. Be3 f5 11. dxe5 dxe5 12. Qc2 f4 13. Bc1 g5 14. h3 h5 15. Nh2 c6 16. Be2 Ndf6 17. Qd1 g4 18. hxg4 Qxd1 19. Rxd1 hxg4 20. b3 Ng5 21. Ba3 Re8 22. f3 g3 23. Nf1 Bf8 24. Bd6 Bxd6 25. Rxd6 Kg7 26. c5 Be6 27. Rdd1 Rh8 28. Nd2 Rh2 29. Bc4 Rah8 30. Kf1 Bh3 31. gxh3 Rf2+ 32. Ke1 Rxh3 33. Rdc1 Rh1+ 0-1

[Event "ESTCC 50 2019"]
[Site "Mali Losinj"]
[Date "2019.09.18"]
[Round "1.6"]
[White "Zelcic, Robert"]
[Black "Wegerer, Fred"]
[Result "1-0"]
[ECO "B15"]
[WhiteElo "2503"]
[BlackElo "2171"]
[Annotator "ChessBase"]
[PlyCount "65"]
[EventDate "2019.09.18"]
[EventType "team-tourn"]
[EventCountry "CRO"]
[SourceTitle "playchess.com"]
[Source "ChessBase"]
[SourceQuality "1"]
[WhiteTeam "Croatia"]
[BlackTeam "Austria"]
[WhiteTeamCountry "CRO"]
[BlackTeamCountry "AUT"]
[TimeControl "40/5400+30:1800+30"]

1. e4 c6 2. d4 d5 3. Nc3 g6 4. Nf3 Bg7 5. Bf4 dxe4 6. Nxe4 Nd7 7. Qe2 Qa5+ 8. c3 Ngf6 9. Nd6+ Kf8 10. Nc4 Qd8 11. g3 Nb6 12. Nce5 Nfd5 13. Bd2 f6 14. Nd3 Nc4 15. Bc1 Nd6 16. Bg2 Bg4 17. O-O h5 18. Nc5 Nc7 19. Re1 b6 20. Nd3 g5 21. h3 Bd7 22. h4 Bg4 23. hxg5 Ne6 24. gxf6 exf6 25. Qf1 Bh6 26. Nh4 Kf7 27. Bxh6 Rxh6 28. f3 Bf5 29. Nxf5 Nxf5 30. Rxe6 Kxe6 31. Bh3 Qd7 32. Bxf5+ Kxf5 33. Qh3+ 1-0

[Event "ESTCC 50 2019"]
[Site "Mali Losinj"]
[Date "2019.09.18"]
[Round "1.7"]
[White "Kainz, Josef"]
[Black "Kurajica, Bojan"]
[Result "0-1"]
[ECO "A50"]
[WhiteElo "1922"]
[BlackElo "2493"]
[Annotator "ChessBase"]
[PlyCount "58"]
[EventDate "2019.09.18"]
[EventType "team-tourn"]
[EventCountry "CRO"]
[SourceTitle "playchess.com"]
[Source "ChessBase"]
[SourceQuality "1"]
[WhiteTeam "Austria"]
[BlackTeam "Croatia"]
[WhiteTeamCountry "AUT"]
[BlackTeamCountry "CRO"]
[TimeControl "40/5400+30:1800+30"]

1. d4 Nf6 2. c4 b6 3. Nf3 Bb7 4. Nbd2 e6 5. g3 c5 6. Nb3 Qc7 7. Bg2 cxd4 8. Bf4 Bb4+ 9. Nfd2 d6 10. Bxb7 Qxb7 11. O-O e5 12. Bg5 Nfd7 13. Nf3 d5 14. Bd2 Bxd2 15. Nbxd2 O-O 16. b4 a5 17. a3 axb4 18. axb4 Rxa1 19. Qxa1 dxc4 20. Nxc4 Qd5 21. Rc1 Nc6 22. Qb2 Re8 23. b5 Nd8 24. Qa3 Nb7 25. Qa7 Rc8 26. Rd1 Rxc4 27. Nxe5 Qxe5 28. Qxb7 Rc7 29. f4 Qe3+ 0-1

[Event "ESTCC 50 2019"]
[Site "Mali Losinj"]
[Date "2019.09.18"]
[Round "1.8"]
[White "Fercec, Nenad"]
[Black "Detter, Peter"]
[Result "1-0"]
[ECO "B04"]
[WhiteElo "2439"]
[BlackElo "1982"]
[Annotator "NA"]
[PlyCount "111"]
[EventDate "2019.09.18"]
[EventType "team-tourn"]
[EventCountry "CRO"]
[SourceTitle "playchess.com"]
[Source "ChessBase"]
[SourceQuality "1"]
[WhiteTeam "Croatia"]
[BlackTeam "Austria"]
[WhiteTeamCountry "CRO"]
[BlackTeamCountry "AUT"]
[TimeControl "40/5400+30:1800+30"]

1. e4 Nf6 2. e5 Nd5 3. d4 d6 4. Nf3 g6 5. Bc4 Nb6 6. Bb3 Bg7 7. Ng5 e6 8. Qf3 Qe7 9. Ne4 dxe5 10. Bg5 Qb4+ 11. c3 Qa5 12. Bf6 O-O 13. Bxg7 Kxg7 14. Qf6+ Kg8 15. Qxe5 Qxe5 16. dxe5 Nc6 17. f4 Na5 18. Nbd2 Nxb3 19. axb3 Bd7 20. Nf6+ Kg7 21. Nxd7 Nxd7 22. Ne4 Rfd8 23. O-O-O Kf8 24. Rd3 Ke7 25. Rhd1 Nf8 26. g4 Rxd3 27. Rxd3 Rd8 28. Rh3 Rd5 29. b4 a5 30. bxa5 Rxa5 31. Kb1 Rd5 32. Kc2 Ra5 33. Rd3 Ra1 34. Rd1 Rxd1 35. Kxd1 h5 36. gxh5 gxh5 37. Ke2 Nd7 38. Kf3 f6 39. exf6+ Nxf6 40. Ng3 Kd6 41. Ne4+ Ke7 42. c4 b6 43. Nxf6 Kxf6 44. Ke4 h4 45. h3 c6 46. b4 c5 47. b5 Kf7 48. Ke5 Ke7 49. f5 exf5 50. Kxf5 Kd6 51. Kf6 Kd7 52. Kg5 Ke6 53. Kxh4 Ke5 54. Kg3 Kd4 55. h4 Kxc4 56. h5 1-0

[Event "ESTCC 50 2019"]
[Site "Mali Losinj"]
[Date "2019.09.18"]
[Round "1.9"]
[White "Mikhalchishin, Adrian"]
[Black "Fox, Anthony"]
[Result "1/2-1/2"]
[ECO "D58"]
[WhiteElo "2465"]
[BlackElo "2023"]
[Annotator "ChessBase"]
[PlyCount "62"]
[EventDate "2019.09.18"]
[EventType "team-tourn"]
[EventCountry "CRO"]
[SourceTitle "playchess.com"]
[Source "ChessBase"]
[SourceQuality "1"]
[WhiteTeam "Slovenia"]
[BlackTeam "Ireland"]
[WhiteTeamCountry "SLO"]
[BlackTeamCountry "IRL"]
[TimeControl "40/5400+30:1800+30"]

1. d4 d5 2. c4 e6 3. Nc3 Nf6 4. Bg5 Be7 5. Nf3 O-O 6. e3 h6 7. Bh4 b6 8. Be2 Bb7 9. Bxf6 Bxf6 10. cxd5 exd5 11. b4 c6 12. O-O Re8 13. Qb3 a5 14. a4 axb4 15. Qxb4 Ra5 16. Rab1 Nd7 17. Rfd1 Be7 18. Qb3 Bd6 19. g3 Ba6 20. Bxa6 Rxa6 21. Kg2 Nf6 22. Qc2 g6 23. Nd2 Qa8 24. Re1 Re6 25. Qd3 c5 26. f3 cxd4 27. exd4 Rxe1 28. Rxe1 Bb4 29. Rb1 Bxc3 30. Qxc3 Rxa4 31. Rxb6 Ra6 1/2-1/2

[Event "ESTCC 50 2019"]
[Site "Mali Losinj"]
[Date "2019.09.18"]
[Round "1.10"]
[White "Cafolla, Peter"]
[Black "Mohr, Georg"]
[Result "0-1"]
[ECO "B25"]
[WhiteElo "1919"]
[BlackElo "2445"]
[Annotator "NA"]
[PlyCount "70"]
[EventDate "2019.09.18"]
[EventType "team-tourn"]
[EventCountry "CRO"]
[SourceTitle "playchess.com"]
[Source "ChessBase"]
[SourceQuality "1"]
[WhiteTeam "Ireland"]
[BlackTeam "Slovenia"]
[WhiteTeamCountry "IRL"]
[BlackTeamCountry "SLO"]
[TimeControl "40/5400+30:1800+30"]

1. e4 c5 2. Nc3 g6 3. g3 Bg7 4. Bg2 Nc6 5. d3 d6 6. f4 e6 7. Nf3 Nge7 8. O-O d5 9. Bd2 Rb8 10. Rb1 b5 11. g4 h5 12. h3 hxg4 13. hxg4 Nd4 14. Ne2 dxe4 15. dxe4 Bb7 16. Ng3 Nec6 17. g5 Nxf3+ 18. Bxf3 b4 19. f5 Be5 20. Kg2 Qc7 21. Rh1 Rxh1 22. Nxh1 exf5 23. c3 Ne7 24. Qe1 fxe4 25. Bxe4 bxc3 26. bxc3 Bxe4+ 27. Qxe4 Rxb1 28. Qxb1 Qd7 29. Qe1 Qg4+ 30. Kf1 Qf5+ 31. Kg2 Kd7 32. Nf2 Nd5 33. Qf1 Nxc3 34. Qc4 Bd4 35. Be1 Qd5+ 0-1

[Event "ESTCC 50 2019"]
[Site "Mali Losinj"]
[Date "2019.09.18"]
[Round "1.11"]
[White "Mencinger, Vojko"]
[Black "Lyons, Brendan"]
[Result "1-0"]
[ECO "B01"]
[WhiteElo "2332"]
[BlackElo "1971"]
[Annotator "NA"]
[PlyCount "39"]
[EventDate "2019.09.18"]
[EventType "team-tourn"]
[EventCountry "CRO"]
[SourceTitle "playchess.com"]
[Source "ChessBase"]
[SourceQuality "1"]
[WhiteTeam "Slovenia"]
[BlackTeam "Ireland"]
[WhiteTeamCountry "SLO"]
[BlackTeamCountry "IRL"]
[TimeControl "40/5400+30:1800+30"]

1. e4 d5 2. exd5 Qxd5 3. Nc3 Qd6 4. d4 Nf6 5. Nf3 c6 6. g3 Bg4 7. Bg2 Nbd7 8. O-O O-O-O 9. Bf4 Bxf3 10. Qxf3 Qxd4 11. Rfd1 Qc5 12. Qd3 e5 13. Be3 Qa5 14. a3 Be7 15. b4 Qc7 16. Qc4 Rhf8 17. Bxa7 Nb6 18. Bh3+ Nfd7 19. Bxb6 Qxb6 20. Nd5 1-0

[Event "ESTCC 50 2019"]
[Site "Mali Losinj"]
[Date "2019.09.18"]
[Round "1.12"]
[White "Salter, David"]
[Black "Plesec, Damjan"]
[Result "0-1"]
[ECO "D05"]
[WhiteElo "1882"]
[BlackElo "2216"]
[Annotator "NA"]
[PlyCount "88"]
[EventDate "2019.09.18"]
[EventType "team-tourn"]
[EventCountry "CRO"]
[SourceTitle "playchess.com"]
[Source "ChessBase"]
[SourceQuality "1"]
[WhiteTeam "Ireland"]
[BlackTeam "Slovenia"]
[WhiteTeamCountry "IRL"]
[BlackTeamCountry "SLO"]
[TimeControl "40/5400+30:1800+30"]

1. d4 e6 2. Nf3 d5 3. e3 Nd7 4. Bd3 Ngf6 5. Nbd2 c5 6. b3 Qc7 7. Bb2 Bd6 8. O-O O-O 9. c4 cxd4 10. exd4 dxc4 11. Nxc4 Be7 12. Rc1 Qd8 13. Nfe5 Nb6 14. Ne3 Nbd5 15. Qf3 Bd7 16. Nxd5 exd5 17. Rc2 Be6 18. Bc1 Qb6 19. Be3 Rfc8 20. Rfc1 Rxc2 21. Rxc2 Rc8 22. Qd1 Rxc2 23. Qxc2 Bd6 24. h3 Qc7 25. Qxc7 Bxc7 26. f3 Ne8 27. Bb5 Nd6 28. Bd7 Nf5 29. Bxe6 fxe6 30. Kf2 Bb6 31. Nd7 Bxd4 32. Bxd4 Nxd4 33. Ke3 Nf5+ 34. Kf4 Kf7 35. g4 Nh4 36. Ke3 Ke7 37. Nc5 b6 38. Nd3 g5 39. Ne5 a6 40. Nc6+ Ke8 41. Nb4 a5 42. Nc6 Ng6 43. Nd4 Kd7 44. Ne2 e5 0-1

[Event "ESTCC 50 2019"]
[Site "Mali Losinj"]
[Date "2019.09.18"]
[Round "1.13"]
[White "Burchardt, Brigitte"]
[Black "Blatny, Pavel"]
[Result "0-1"]
[ECO "B00"]
[WhiteElo "2092"]
[BlackElo "2325"]
[Annotator "NA"]
[PlyCount "72"]
[EventDate "2019.09.18"]
[EventType "team-tourn"]
[EventCountry "CRO"]
[SourceTitle "playchess.com"]
[Source "ChessBase"]
[SourceQuality "1"]
[WhiteTeam "Germany"]
[BlackTeam "Czech Republic"]
[WhiteTeamCountry "GER"]
[BlackTeamCountry "CZE"]
[TimeControl "40/5400+30:1800+30"]

1. e4 e6 2. d4 b6 3. Be3 Bb7 4. f3 d5 5. exd5 exd5 6. Bd3 Bd6 7. Ne2 Ne7 8. Bf4 Bxf4 9. Nxf4 Qd6 10. Qd2 Ng6 11. Ne2 Nc6 12. c3 O-O 13. Na3 Rae8 14. O-O-O Nh4 15. Qg5 Qd8 16. Qxd8 Nxd8 17. Rhg1 c6 18. Nc2 Bc8 19. Kd2 f5 20. f4 Nf7 21. Rdf1 Nd6 22. g3 Ng6 23. Re1 Be6 24. Rgf1 a5 25. a3 c5 26. Ne3 Ne7 27. Rc1 Nc6 28. Rfe1 Rd8 29. Red1 Rf7 30. Ke1 Re7 31. Kf2 Rde8 32. Rd2 Nb8 33. Bb1 Nd7 34. Ng1 Nf6 35. Re2 Bd7 36. Bd3 Rxe3 0-1

[Event "ESTCC 50 2019"]
[Site "Mali Losinj"]
[Date "2019.09.18"]
[Round "1.14"]
[White "Vokac, Marek"]
[Black "Wagner-Michel, Annett"]
[Result "1-0"]
[ECO "D53"]
[WhiteElo "2332"]
[BlackElo "2055"]
[Annotator "NA"]
[PlyCount "71"]
[EventDate "2019.09.18"]
[EventType "team-tourn"]
[EventCountry "CRO"]
[SourceTitle "playchess.com"]
[Source "ChessBase"]
[SourceQuality "1"]
[WhiteTeam "Czech Republic"]
[BlackTeam "Germany"]
[WhiteTeamCountry "CZE"]
[BlackTeamCountry "GER"]
[TimeControl "40/5400+30:1800+30"]

1. d4 d5 2. c4 e6 3. Nc3 Nf6 4. Bg5 Be7 5. e3 h6 6. Bf4 O-O 7. h3 a6 8. Nf3 dxc4 9. Bxc4 b5 10. Bb3 Bb7 11. O-O Nbd7 12. Qe2 c5 13. Rfd1 Qb6 14. a4 c4 15. Bc2 b4 16. a5 Qc6 17. Ba4 Qc8 18. Nb1 Bxf3 19. Qxf3 Nd5 20. Rc1 N7f6 21. Be5 c3 22. bxc3 Nxc3 23. Nxc3 bxc3 24. Bc6 Ra7 25. Rxc3 Nd7 26. Bg3 Nb8 27. Rb1 Nxc6 28. Qxc6 Qa8 29. Qxa8 Raxa8 30. Rb7 Bd8 31. Bd6 Bxa5 32. Ra3 Rfd8 33. Bc5 Bd2 34. Ra2 Rac8 35. Be7 Rd5 36. Rxd2 1-0

[Event "ESTCC 50 2019"]
[Site "Mali Losinj"]
[Date "2019.09.18"]
[Round "1.15"]
[White "Kierzek, Mira"]
[Black "Konopka, Michal"]
[Result "0-1"]
[ECO "D78"]
[WhiteElo "2015"]
[BlackElo "2351"]
[Annotator "NA"]
[PlyCount "58"]
[EventDate "2019.09.18"]
[EventType "team-tourn"]
[EventCountry "CRO"]
[SourceTitle "playchess.com"]
[Source "ChessBase"]
[SourceQuality "1"]
[WhiteTeam "Germany"]
[BlackTeam "Czech Republic"]
[WhiteTeamCountry "GER"]
[BlackTeamCountry "CZE"]
[TimeControl "40/5400+30:1800+30"]

1. d4 Nf6 2. Nf3 g6 3. g3 Bg7 4. Bg2 d5 5. O-O O-O 6. c4 dxc4 7. Nc3 c6 8. Ne5 Ne8 9. Bf4 Nd6 10. Qc2 Be6 11. Rfd1 Nd7 12. Nxd7 Qxd7 13. e4 Bh3 14. Bh1 Rac8 15. Be3 b5 16. Rac1 f5 17. e5 f4 18. exd6 fxe3 19. fxe3 Bh6 20. Re1 exd6 21. Rcd1 d5 22. e4 dxe4 23. Bxe4 Bg4 24. Ne2 Rce8 25. Bg2 Be3+ 26. Kh1 Rf2 27. d5 Rxg2 28. Kxg2 Bh3+ 29. Kh1 Bf5 0-1

[Event "ESTCC 50 2019"]
[Site "Mali Losinj"]
[Date "2019.09.18"]
[Round "1.16"]
[White "Spacek, Petr"]
[Black "Leib, Britta"]
[Result "1-0"]
[ECO "E12"]
[WhiteElo "2352"]
[BlackElo "1883"]
[Annotator "NA"]
[PlyCount "99"]
[EventDate "2019.09.18"]
[EventType "team-tourn"]
[EventCountry "CRO"]
[SourceTitle "playchess.com"]
[Source "ChessBase"]
[SourceQuality "1"]
[WhiteTeam "Czech Republic"]
[BlackTeam "Germany"]
[WhiteTeamCountry "CZE"]
[BlackTeamCountry "GER"]
[TimeControl "40/5400+30:1800+30"]

1. d4 Nf6 2. c4 e6 3. Nc3 b6 4. a3 Bb7 5. Bg5 Be7 6. Nf3 O-O 7. Qc2 d5 8. cxd5 exd5 9. e3 Nbd7 10. Be2 c5 11. O-O h6 12. Bf4 Ne4 13. dxc5 Nxc3 14. Qxc3 Bf6 15. Qc2 Nxc5 16. Nd4 Ne6 17. Nxe6 fxe6 18. Rac1 Rc8 19. Qd2 Qe7 20. b4 Rfd8 21. h3 Rxc1 22. Rxc1 Rc8 23. Rxc8+ Bxc8 24. Qc2 Bb7 25. Qc7 Qxc7 26. Bxc7 Bb2 27. a4 Bc3 28. b5 Kf7 29. Bb8 Ke7 30. Bxa7 Ba5 31. Bb8 Bc3 32. Bc7 Ba5 33. Be5 Kf7 34. f4 g6 35. g4 Bc8 36. Kf2 Bd7 37. h4 Bc8 38. Bf3 Bd7 39. Ke2 Bb4 40. Kd3 Be1 41. Bd4 Ba5 42. h5 Be8 43. e4 dxe4+ 44. Bxe4 gxh5 45. gxh5 Kg8 46. Bf3 Bf7 47. Bc3 Bxc3 48. Kxc3 Be8 49. Bc6 Bxh5 50. a5 1-0

[Event "ESTCC 50 2019"]
[Site "Mali Losinj"]
[Date "2019.09.18"]
[Round "1.17"]
[White "Ledger, Andrew J"]
[Black "Ponce Navalon, Jose"]
[Result "1-0"]
[ECO "A21"]
[WhiteElo "2343"]
[BlackElo "2024"]
[Annotator "NA"]
[PlyCount "103"]
[EventDate "2019.09.18"]
[EventType "team-tourn"]
[EventCountry "CRO"]
[SourceTitle "playchess.com"]
[Source "ChessBase"]
[SourceQuality "1"]
[WhiteTeam "England"]
[BlackTeam "Spain"]
[WhiteTeamCountry "ENG"]
[BlackTeamCountry "ESP"]
[TimeControl "40/5400+30:1800+30"]

1. c4 g6 2. g3 Bg7 3. Bg2 e5 4. Nc3 f5 5. d3 Nf6 6. e4 fxe4 7. dxe4 d6 8. Nge2 O-O 9. O-O Be6 10. b3 Qc8 11. Nd5 Nxd5 12. cxd5 Bh3 13. Be3 Bxg2 14. Kxg2 a5 15. Rc1 Rf7 16. Nc3 Na6 17. Qe2 Qf8 18. Rfd1 Bh6 19. a3 Nc5 20. Rb1 Bxe3 21. Qxe3 Nd7 22. Nb5 Nf6 23. f3 Nh5 24. Rbc1 Qg7 25. Rc3 Raf8 26. Rdc1 c6 27. dxc6 bxc6 28. Nxd6 Rxf3 29. Qxf3 Rxf3 30. Rxf3 Qd7 31. Rd1 Qg4 32. Rdf1 Nf4+ 33. Kh1 Ne6 34. Ne8 Qg5 35. h4 Qe7 36. Nf6+ Kg7 37. h5 Nf4 38. Ng4 Nxh5 39. Kg2 Qxa3 40. Rf7+ Kg8 41. Nh6+ Kh8 42. Rb7 Qb2+ 43. Rf2 Nf4+ 44. gxf4 Qd4 45. Nf7+ Kg8 46. Ng5 Qd1 47. Rb8+ Kg7 48. Rb7+ Kg8 49. Nf3 Qd8 50. Rd2 Qc8 51. Rdd7 exf4 52. Rg7+ 1-0

[Event "ESTCC 50 2019"]
[Site "Mali Losinj"]
[Date "2019.09.18"]
[Round "1.18"]
[White "Pastor Alonso De Prado, Alberto"]
[Black "Ledger, Dave J"]
[Result "1-0"]
[ECO "C48"]
[WhiteElo "2010"]
[BlackElo "2134"]
[Annotator "NA"]
[PlyCount "71"]
[EventDate "2019.09.18"]
[EventType "team-tourn"]
[EventCountry "CRO"]
[SourceTitle "playchess.com"]
[Source "ChessBase"]
[SourceQuality "1"]
[WhiteTeam "Spain"]
[BlackTeam "England"]
[WhiteTeamCountry "ESP"]
[BlackTeamCountry "ENG"]
[TimeControl "40/5400+30:1800+30"]

1. e4 e5 2. Nf3 Nc6 3. Nc3 Nf6 4. Bb5 Bd6 5. Bxc6 dxc6 6. d4 Bb4 7. O-O Bg4 8. dxe5 Bxc3 9. exf6 Bxf6 10. Qxd8+ Rxd8 11. Bf4 Bxf3 12. gxf3 g5 13. Be3 Rg8 14. Rfd1 b6 15. Rxd8+ Kxd8 16. Rd1+ Kc8 17. b3 Be5 18. h3 c5 19. Kf1 f6 20. Ke2 Rg6 21. h4 c6 22. Rg1 Bd4 23. hxg5 Bxe3 24. Kxe3 fxg5 25. Rh1 h6 26. f4 gxf4+ 27. Kxf4 Rf6+ 28. Ke3 Rg6 29. Rh3 Kd7 30. Rg3 Re6 31. Rg7+ Kd6 32. c4 a5 33. f4 Re8 34. e5+ Ke6 35. Ke4 Rh8 36. f5# 1-0

[Event "ESTCC 50 2019"]
[Site "Mali Losinj"]
[Date "2019.09.18"]
[Round "1.19"]
[White "Nelson, Jonathan P"]
[Black "Ruiz Bellon, Manuel"]
[Result "1-0"]
[ECO "D03"]
[WhiteElo "2183"]
[BlackElo "1973"]
[Annotator "NA"]
[PlyCount "51"]
[EventDate "2019.09.18"]
[EventType "team-tourn"]
[EventCountry "CRO"]
[SourceTitle "playchess.com"]
[Source "ChessBase"]
[SourceQuality "1"]
[WhiteTeam "England"]
[BlackTeam "Spain"]
[WhiteTeamCountry "ENG"]
[BlackTeamCountry "ESP"]
[TimeControl "40/5400+30:1800+30"]

1. d4 Nf6 2. Nf3 e6 3. Bg5 c5 4. e3 h6 5. Bh4 Nc6 6. Nbd2 d5 7. c3 cxd4 8. exd4 Be7 9. Bd3 O-O 10. Ne5 Nxe5 11. dxe5 Nd7 12. Bg3 d4 13. cxd4 Qb6 14. Nc4 Bb4+ 15. Ke2 Qc6 16. Qb3 a5 17. a3 Be7 18. Ne3 f5 19. Nxf5 Bg5 20. h4 a4 21. Qa2 Bd8 22. Rac1 Qxg2 23. Qxe6+ Kh8 24. Qg6 Rxf5 25. Qxf5 Nf6 26. Rxc8 1-0

[Event "ESTCC 50 2019"]
[Site "Mali Losinj"]
[Date "2019.09.18"]
[Round "1.20"]
[White "Lopez de Turiso, Jose Angel"]
[Black "Ledger, Stephen C"]
[Result "0-1"]
[ECO "A45"]
[WhiteElo "1945"]
[BlackElo "2000"]
[Annotator "NA"]
[PlyCount "100"]
[EventDate "2019.09.18"]
[EventType "team-tourn"]
[EventCountry "CRO"]
[SourceTitle "playchess.com"]
[Source "ChessBase"]
[SourceQuality "1"]
[WhiteTeam "Spain"]
[BlackTeam "England"]
[WhiteTeamCountry "ESP"]
[BlackTeamCountry "ENG"]
[TimeControl "40/5400+30:1800+30"]

1. d4 Nf6 2. Bg5 Ne4 3. Be3 d5 4. f3 Nf6 5. Bf2 c6 6. c3 Bf5 7. Nd2 Nbd7 8. g4 Bg6 9. h4 h6 10. Bg3 e6 11. Nh3 Nb6 12. e3 Bd6 13. Be5 Qc7 14. h5 Bh7 15. f4 Bxe5 16. dxe5 Ne4 17. Nxe4 Bxe4 18. Rh2 O-O-O 19. Bd3 Nc4 20. Bxc4 dxc4 21. Qa4 Qb6 22. Re2 Bd3 23. Qd1 Bxe2 24. Qxe2 Rd3 25. Kf2 Rhd8 26. Kf3 Qc5 27. Nf2 Qd5+ 28. Kg3 Rd2 29. Qf3 Qxf3+ 30. Kxf3 Rxb2 31. Ne4 Kc7 32. a4 Rd5 33. Rg1 b5 34. axb5 cxb5 35. g5 a5 36. gxh6 gxh6 37. Rg7 a4 38. Rxf7+ Kb6 39. Rf6 a3 40. Rxe6+ Kc7 41. Ra6 a2 42. e6 Rd8 43. Nf6 Kb7 44. Ra3 b4 45. cxb4 c3 46. e7 Rh8 47. e8=Q Rxe8 48. Nxe8 c2 49. Rc3 a1=Q 50. Nd6+ Kb6 0-1